 Dungeon Crawl Stone Soup version 0.30-a0-939-gc8157cb160 (webtiles) character file.

Game seed: 12223909025453072474

46 DeathPants the Trooper (level 3, -2/20 HPs)
             Began as a Vine Stalker Fighter on Mar 25, 2023.
             Slain by a gnoll
             ... wielding a +0 spear
              (4 damage)
             ... on level 2 of the Dungeon.
             The game lasted 00:04:53 (1140 turns).

DeathPants the Trooper (Vine Stalker Fighter)       Turns: 1140, Time: 00:04:53

Health: -2/20      AC:  5    Str: 18    XL:     3   Next: 66%
Magic:  0/5        EV: 11    Int:  8    God:
Gold:   21         SH:  0    Dex: 15    Spells: 1/4 levels left

rFire   . . .      SeeInvis .    a - +0 rapier
rCold   . . .      Faith    .    (no shield)
rNeg    . . .      Spirit   +    f - +2 leather armour "Ogua" {Regen+}
rPois   +          Reflect  .    (no helmet)
rElec   .          Rampage  .    (no cloak)
rCorr   .                        (no gloves)
Will    .....                    (no boots)
Stlth   +                        (no amulet)
HPRegen 1.03/turn                e - ring of poison resistance
MPRegen 0.09/turn                (no ring)

@: no status effects
A: fangs 2, magic shield, antimagic bite, no potion heal 2
a: no special abilities


You were on level 2 of the Dungeon.
You visited 1 branch of the dungeon, and saw 2 of its levels.

You collected 65 gold pieces.
You spent 44 gold pieces at shops.

Inventory:

Hand Weapons
 a - a +0 rapier (weapon)
Armour
 c - a +0 buckler
 f - the +2 leather armour "Ogua" (worn) {Regen+}
   (You found it on level 2 of the Dungeon)

   Regen:     It increases your rate of health regeneration.
Jewellery
 e - a ring of poison resistance (left hand)
Scrolls
 b - a scroll of enchant weapon
 g - a scroll of identify
Potions
 d - a potion of might


   Skills:
 + Level 3.0 Fighting
 + Level 2.5 Short Blades
 - Level 2.4 Armour
 + Level 0.9 Dodging
 - Level 2.6 Shields
 + Level 1.1 Spellcasting
 + Level 0.2 Necromancy


You had one spell level left.
You knew the following spells:

 Your Spells              Type           Power      Damage    Failure   Level
a - Vampiric Draining     Necr           0%         2d6       77%         3

Your spell library contained the following spells:

 Spells                   Type           Power      Damage    Failure   Level
 Necrotise                Necr           0%         1d4       38%         1
 Hailstorm                Conj/Ice       0%         3d3       80%         3
 Ice Form                 Ice/Tmut       0%         N/A       99%         4
 Agony                    Necr           0%         N/A       100%        5
 Simulacrum               Ice/Necr       0%         N/A       100%        6


Dungeon Overview and Level Annotations

Branches:
Dungeon (2/15)

Altars:

Shops:
D:2 ?:*


Innate Abilities, Weirdness & Mutations

You have extremely sharp teeth.
When hurt, damage is shared between your health and your magic reserves.
Your bite disrupts and absorbs the magic of your enemies.
Potions cannot restore your health.


Message History

The gnoll barely misses you. The gnoll closely misses you.
You hit the gnoll. You bite the gnoll, but do no damage.
The gnoll is almost dead.
The gnoll hits you but does no damage. The gnoll closely misses you.
You hit the gnoll.
You kill the gnoll!
The gnoll hits you from afar with a +0 spear.
Aiming: Polymorph
Press: ? - help, Shift-Dir - straight line, f - gnoll
Aim: a gnoll, wielding a +0 spear (will become a river rat, a killer bee, or a giant cockroach, chance to affect: 57%)
The gnoll resists with significant effort.
The gnoll hits you from afar with a +0 spear.
* * * LOW HITPOINT WARNING * * *
Aiming: Polymorph
Press: ? - help, Shift-Dir - straight line, f/p - gnoll
Aim: a gnoll, wielding a +0 spear (will become a river rat, a killer bee, or a giant cockroach, chance to affect: 57%)
The gnoll resists with significant effort.
The gnoll completely misses you.
Aiming: Polymorph
Press: ? - help, Shift-Dir - straight line, f/p - gnoll
Aim: a gnoll, wielding a +0 spear (will become a river rat, a killer bee, or a giant cockroach, chance to affect: 57%)
The gnoll resists with significant effort.
The now-empty wand crumbles to dust.
The gnoll misses you.
You aren't carrying any items that you can evoke.
Things that are here:
a +0 spear; a +4 ring of protection; a gnoll corpse The gnoll hits you from afar with a +0 spear!
* * * LOW HITPOINT WARNING * * *
The gnoll hits you with a +0 spear.
* * * LOW HITPOINT WARNING * * *
You hit the gnoll.
The gnoll is lightly wounded.
The gnoll hits you with a +0 spear.
* * * LOW HITPOINT WARNING * * *
You closely miss the gnoll.
The gnoll is lightly wounded.
The gnoll hits you with a +0 spear.
* * * LOW HITPOINT WARNING * * *
The gnoll hits you from afar with a +0 spear.
You die...

## #.# #.#
#.#### #...##
### #.@.####.##
#...g.....#
#...####.##
##### #.# #)#
#### #.#
.....##.#######
...............#
...g.##..#..##.#


You could see a gnoll.

Vanquished Creatures
  A gnoll (D:2)
  A dart slug (D:1)
  2 ball pythons (D:1)
  A bat (D:1)
  3 endoplasms (D:1)
  4 goblins
  4 hobgoblins (D:1)
  6 jackals
  2 quokkas
  3 frilled lizards (D:1)
  2 kobolds (D:1)
29 creatures vanquished.

Notes
Turn   | Place    | Note
-------+----------+-------------------------------------------
     0 | D:1      | DeathPants the Vine Stalker Fighter began the quest for the
                  | Orb.
     0 | D:1      | Reached XP level 1. HP: 11/11 MP: 2/2
     0 | D:1      | Noticed a ghoul
     7 | D:1      | Noticed a tengu
     9 | D:1      | Noticed a dwarf
     9 | D:1      | Noticed a demonspawn
    11 | D:1      | Noticed a spriggan
    12 | D:1      | Noticed a formicid
    13 | D:1      | Noticed a demonspawn
    16 | D:1      | Noticed a human
    18 | D:1      | Noticed a naga
    20 | D:1      | Noticed a naga
    20 | D:1      | Noticed a vine stalker
    20 | D:1      | Noticed a troll
    22 | D:1      | Noticed a formicid
    22 | D:1      | Noticed a human
    22 | D:1      | Noticed a troll
    24 | D:1      | Noticed a demigod
    24 | D:1      | Noticed a draconian
    26 | D:1      | Noticed an octopode
   145 | D:2      | Reached XP level 2. HP: 14/16 MP: 3/3
   356 | D:2      | Found Nyef Fota's Magic Scroll Shoppe.
   370 | D:2      | Identified the +2 leather armour "Ogua" {Regen+}
   417 | D:2      | Bought a scroll of identify for 22 gold pieces
   683 | D:1      | Reached XP level 3. HP: 17/19 MP: 5/5
   729 | D:1      | Reached skill level 3 in Fighting
   732 | D:1      | Reached skill level 1 in Spellcasting
   969 | D:2      | Bought a scroll of identify for 22 gold pieces
   979 | D:2      | Found a faded altar of an unknown god.
  1049 | D:2      | Learned a level 3 spell: Vampiric Draining
  1061 | D:2      | Found Ucianag's Book Shop.
  1103 | D:2      | Found Zaul's Assorted Antiques.
  1139 | D:2      | HP: 1/20 [gnoll/+0 spear (5)]
  1140 | D:2      | Slain by a gnoll

Illustrated notes

Levels and vault maps discovered:
D:1:      shiori_arrival_whats_in_store_for_you, layout_loops_corners,
          st_stairs_5, minmay_misc_feat_iff, minmay_tetromino_l2
D:2:      layout_loops_cross, serial_shops, shop, nicolae_shop_stone, shop,
          nicolae_shop_bloodbath_and_beyond,
          ebering_ecumenical_altar_sacrificial, dreamdust_princess_corridor

Skill      XL: |  1  2  3 |
---------------+----------+-----
Short Blades   | 2 |  2.5
Fighting       | 3 |  3.0
Spellcasting   | 1 |  1.1
Armour         | |  2.4
Dodging        | |  0.9
Shields        | |  2.6
Necromancy     | |  0.2

Action                     || total
---------------------------++-------
  Melee: Rapier            ||    96
         Bite              ||    25
  Evoke: Wand              ||     3
    Use: Scroll            ||     2
 Armour: Scale mail        ||    15
         Leather armour    ||    15
  Dodge: Dodged            ||    51

Table legend: (Time is in decaauts)
 A = Elapsed time spent in this place.
 B = Non-inter-level travel time spent in this place.
 C = Inter-level travel time spent in this place.
 D = Time resting spent in this place.
 E = Time spent auto-exploring this place.
 F = Levels seen in this place.
 G = Mean time per level.
                   A        B        C        D        E       F      G
               +--------+--------+--------+--------+--------+-----+--------+
         Total |   1149 |   1114 |     35 |      0 |    730 |   2 |  574.5 |
       Dungeon |   1149 |   1114 |     35 |      0 |    730 |   2 |  574.5 |
               +--------+--------+--------+--------+--------+-----+--------+

Top non-repeatable levels by time:
     D:1: 880 daAuts
     D:2: 269 daAuts
